 Dungeon Crawl Stone Soup version 0.30-a0-711-gf4ac18a38d (webtiles) character file.

Game seed: 17528736609368239323

4373 Angani the Fighter (level 10, 0/91 (96) HPs)
             Began as a Green Draconian Warper on Jan 22, 2023.
             Was a Priest of Ru.
             Slain by a gnoll
             ... wielding a +0 halberd
             ... led by a gnoll bouda
              (6 damage)
             ... on level 9 of the Dungeon.
             The game lasted 00:13:55 (9159 turns).

Angani the Fighter (Green Draconian Warper)         Turns: 9159, Time: 00:13:56

HP:   0/91 (96)     AC:  9    Str: 22    XL:     10   Next: 13%
MP:   13/13         EV: 12    Int: 21    God:    Ru [***...]
Gold: 445           SH:  0    Dex: 11    Spells: 13/13 levels left

rFire   . . .      SeeInvis .    e - +1 halberd
rCold   . . .      Faith    .    (shield currently unavailable)
rNeg    . . .      Spirit   .    (body armour unavailable)
rPois   +          Reflect  .    (helmet restricted)
rElec   .          Harm     .    w - +1 cloak
rCorr   .          Rampage  .    (no gloves)
Will    .....                    (no boots) Stlth
                                 (no amulet)
HPRegen 0.35/turn                o - +6 ring of strength
MPRegen 0.13/turn                v - +6 ring of intelligence

@: exhausted, short of breath, drained
A: breathe noxious fumes, AC +7, unfitting armour, poison resistance,
cold-blooded, no stealth, hated by all, disrupted magic 1, horns 1, sense
surroundings 1
a: Breathe Noxious Fumes, Renounce Religion, Draw Out Power


You were on level 9 of the Dungeon.
You worshipped Ru.
Ru was most pleased with you.
You visited 1 branch of the dungeon, and saw 9 of its levels.
You also visited: Sewer.

You collected 445 gold pieces.

Inventory:

Hand Weapons
 e - a +1 halberd (weapon)
 x - a +2 trident of venom
Missiles
 c - a boomerang of dispersal (quivered)
 r - 6 boomerangs
 s - 3 throwing nets
Armour
 w - a +1 cloak (worn)
Magical Staves
 g - a staff of death
Jewellery
 o - a +6 ring of strength (left hand)
 v - a +6 ring of intelligence (right hand)
Wands
 k - a wand of paralysis (14)
Scrolls
 b - 3 scrolls of blinking
 d - 3 scrolls of immolation
 f - 5 scrolls of fear
 h - 6 scrolls of teleportation
 l - 4 scrolls of fog
 u - a scroll of enchant weapon
 y - a scroll of amnesia
 z - a scroll of identify
Potions
 a - 4 potions of flight
 i - 5 potions of haste
 j - a potion of might {unknown}
 m - 3 potions of heal wounds {unknown}
 n - a potion of curing
 p - 2 potions of brilliance {unknown}
 q - 2 potions of cancellation {unknown}
 t - a potion of attraction {unknown}
 A - a potion of berserk rage {unknown}


   Skills:
 + Level 11.6 Fighting
 + Level 10.7 Polearms
 - Level 0.8 Throwing
 - Level 2.1 Dodging
 - Level 2.0 Spellcasting
 - Level 3.0 Translocations


You had 13 spell levels left.
You didn't know any spells.
Your spell library contained the following spells:

 Spells                   Type           Power      Damage    Failure   Level
 Blink                    Tloc           28%        N/A       10%         2
 Lesser Beckoning         Tloc           28%        N/A       10%         2
 Teleport Other           Tloc           14%        N/A       19%         3
 Kiss of Death            Conj/Necr      8%         2d6       21%         1
 Cigotuvi's Dreadful Rot  Necr/Pois/Air  4%         N/A       30%         2
 Sublimation of Blood     Necr           2%         N/A       30%         2
 Wereblood                Tmut           2%         N/A       30%         2
 Vhi's Electric Charge    Tloc/Air       16%        N/A       32%         3
 Manifold Assault         Tloc           14%        N/A       47%         4
 Confusing Touch          Hex            2%         N/A       50%         3
 Stone Arrow              Conj/Erth      4%         3d7       50%         3
 Dispel Undead            Necr           2%         3d7       87%         4
 Dispersal                Tloc           7%         N/A       100%        6
 Storm Form               Tmut/Air       1%         N/A       100%        7
 Disjunction              Tloc           7%         N/A       100%        8
 Lehudib's Crystal Spear  Conj/Erth      1%         10d2      100%        8
 Animate Armour           Summ/Erth      Unusable   N/A       N/A         4
 Death Channel            Necr           Unusable   N/A       N/A         6
 Summon Hydra             Summ           Unusable   N/A       N/A         7

Dungeon Overview and Level Annotations

Branches:
Dungeon (9/15)             Temple (0/1) D:5            Lair (0/5) D:8
  Sewer (visited)
    Orc: D:9-12

Altars:
Nemelex Xobeh
Ru
Sif Muna


Innate Abilities, Weirdness & Mutations

You can breathe blasts of noxious fumes.
Your lurid green scales are hard. (AC +7)
You cannot fit into any form of body armour.
Your system is resistant to poisons. (rPois)
You are cold-blooded and may be slowed by cold attacks.
You cannot be stealthy.
You are hated by all.
Your casting is slightly disrupted.
You have a pair of small horns on your head.
You passively map a small area around you.


Message History

The gnoll hits you but does no damage. The gnoll misses you.
You puncture the gnoll!
You kill the gnoll!
The gnoll hits you but does no damage.
Reach: e) +1 halberd
Press: ? - help, Dir - move target, f/p - gnoll
Aim: a gnoll, wielding a +0 spear (covering ground quickly, about 34% to evade your +1 halberd)
You reach to attack!
You impale the gnoll!!
You kill the gnoll!
Reach: e) +1 halberd
Press: ? - help, Dir - move target, f - gnoll
Aim: a gnoll, wielding a +0 halberd (covering ground quickly, about 34% to evade your +1 halberd)
You reach to attack!
You barely miss the gnoll.
The gnoll is no longer moving quickly.
The gnoll hits you from afar with a +1 heavy halberd!!
* * * LOW HITPOINT WARNING * * *
The gnoll closely misses you.
Reach: e) +1 halberd
Press: ? - help, Dir - move target, f - gnoll, p - gnoll
Aim: a gnoll, wielding a +1 heavy halberd (covering ground quickly, about 34% to evade your +1 halberd)
You reach to attack!
You barely miss the gnoll.
The gnoll hits you from afar with a +0 halberd!
* * * LOW HITPOINT WARNING * * *
The gnoll barely misses you.
Unknown command.
You are restored by drawing out deep reserves of power within.
You feel drained.
The gnoll hits you from afar with a +0 halberd.
* * * LOW HITPOINT WARNING * * *
Unknown command.
Aiming: Paralyse
Press: ? - help, Shift-Dir - straight line, f/p - gnoll
Aim: a gnoll, wielding a +1 heavy halberd (covering ground quickly, chance to affect: 57%)
The gnoll resists with significant effort.
The gnoll hits you from afar with a +1 heavy halberd!
* * * LOW HITPOINT WARNING * * *
The gnoll hits you from afar with a +0 spear.
* * * LOW HITPOINT WARNING * * *
The gnoll hits you from afar with a +0 halberd.
You die...

### ..## ...# ...##
....# ### ...# ###.#
...# #..g### ########
#..g)@# ,
####...#####..g###*
##.#...##.###...##,
,,
$#.....#...#.....#*,
, ....).....g.....##
* ###....).......## #
.,#.<......)..###.#,
,
....#.............#..
,
...###.......)......#
,


You could see a gnoll bouda (confused) and 3 gnolls.

Vanquished Creatures
  A two-headed ogre (D:9)
  A kobold demonologist (D:8)
  A wyvern (D:8)
  A steam dragon (D:7)
  2 water moccasins
  2 orc warriors (D:8)
  A black bear (D:7)
  An ice beast (D:5)
  2 sky beasts
  5 centaurs
  2 ogres
  6 kobold brigands
  A phantom (D:6)
  A bullfrog (D:6)
  A gnoll sergeant (D:8)
  A necrophage (D:5)
  A howler monkey (D:8)
  2 vampire bats (D:3)
  3 orc priests
  4 hounds
  7 iguanas
  2 jellies
  7 orc wizards
  18 gnolls
  9 adders
  2 river rats (Sewer)
  2 shadow imps
  An ufetubus (D:4)
  A worm (D:3)
  4 dart slugs
  38 orcs
  15 ball pythons
  9 endoplasms
  3 giant cockroaches
  8 goblins
  4 hobgoblins
  9 jackals
  24 kobolds
  2 quokkas (D:1)
  15 bats
  3 frilled lizards
  7 rats
229 creatures vanquished.

Vanquished Creatures (others)
  An orc (D:8)
  12 plants (Sewer)
13 creatures vanquished.

Grand Total: 242 creatures vanquished

Notes
Turn   | Place    | Note
-------+----------+-------------------------------------------
     0 | D:1      | Angani the Draconian Warper began the quest for the Orb.
     0 | D:1      | Reached XP level 1. HP: 17/17 MP: 3/3
   150 | D:1      | Reached XP level 2. HP: 25/25 MP: 5/5
   452 | D:1      | Reached skill level 3 in Fighting
   617 | D:1      | Reached XP level 3. HP: 23/31 MP: 6/6
  1172 | D:2      | Found a sacrificial altar of Ru.
  1366 | D:2      | Reached XP level 4. HP: 40/40 MP: 7/7
  1834 | D:2      | Became a worshipper of Ru the Awakened
  1937 | D:3      | Reached skill level 4 in Fighting
  2306 | D:3      | Found a faded altar of an unknown god.
  2317 | D:3      | Found a shimmering blue altar of Sif Muna.
  2341 | D:3      | Found a faded altar of an unknown god.
  2539 | D:3      | Reached XP level 5. HP: 41/47 MP: 8/8
  2724 | D:4      | Noticed an ogre
  2773 | D:4      | Reached skill level 5 in Fighting
  2778 | D:4      | Reached XP level 6. HP: 15/56 MP: 9/9
  2882 | D:4      | Found a glowing drain.
  2895 | Sewer    | Entered a sewer
  2975 | Sewer    | Gained mutation: You cannot be stealthy. [Ru sacrifice]
  3329 | Sewer    | Reached skill level 5 in Polearms
  3954 | D:4      | Reached skill level 6 in Fighting
  3954 | D:4      | Your scales start taking on a lurid green colour.
  3954 | D:4      | Reached XP level 7. HP: 53/63 MP: 10/10
  3954 | D:4      | Gained mutation: Your system is resistant to poisons.
                  | (rPois) [Green Draconian growth]
  4262 | D:5      | Entered Level 5 of the Dungeon
  4535 | D:5      | Reached skill level 7 in Fighting
  4795 | D:5      | Gained mutation: You are dopey. (Int -2) [potion of
                  | mutation]
  4795 | D:5      | Gained mutation: You have a beak for a mouth. [potion of
                  | mutation]
  4796 | D:5      | Lost mutation: You are dopey. (Int -2) [potion of mutation]
  4796 | D:5      | Lost mutation: You have a beak for a mouth. [potion of
                  | mutation]
  4796 | D:5      | Gained mutation: You passively map a small area around you.
                  | [potion of mutation]
  4796 | D:5      | Gained mutation: You have a pair of small horns on your
                  | head. [potion of mutation]
  4894 | D:5      | Found a staircase to the Ecumenical Temple.
  4952 | D:5      | Reached XP level 8. HP: 73/73 MP: 11/11
  5459 | D:6      | Reached skill level 8 in Fighting
  5726 | D:6      | Found a sparkling altar of Nemelex Xobeh.
  5822 | D:6      | Found a sacrificial altar of Ru.
  5899 | D:6      | Gained mutation: Your casting is slightly disrupted. [Ru
                  | sacrifice]
  5899 | D:6      | Reached * piety under Ru
  6212 | D:6      | Reached skill level 9 in Fighting
  6619 | D:7      | Reached XP level 9. HP: 36/84 MP: 12/12
  7517 | D:8      | Reached skill level 10 in Fighting
  8169 | D:8      | Found a staircase to the Lair.
  8586 | D:8      | Gained mutation: You are hated by all. [Ru sacrifice]
  8586 | D:8      | Reached ** piety under Ru
  8586 | D:8      | Reached *** piety under Ru
  8668 | D:8      | Reached skill level 10 in Polearms
  8771 | D:9      | Noticed a kobold demonologist
  8872 | D:8      | Killed a kobold demonologist
  8873 | D:8      | Reached skill level 11 in Fighting
  8989 | D:9      | Noticed a kobold demonologist
  9031 | D:9      | Noticed a two-headed ogre
  9038 | D:9      | Killed a two-headed ogre
  9039 | D:9      | Reached XP level 10. HP: 78/96 MP: 13/13
  9159 | D:9      | Slain by a gnoll

Illustrated notes

Levels and vault maps discovered:
D:1:      noname_arrival_rooms_in_the_neighbourhood, layout_loops_ring,
          minmay_octomino_e4
D:2:      layout_basic, basic_altar
D:3:      layout_loops_ring, nicolae_overflow_ecumenical_swirl,
          shapermc_ecumenical_altar_notcrosses, roderic_batcave
D:4:      layout_basic, portal_sewer_entry_d
D:5:      layout_rooms, minmay_temple_entry_statues_fountains,
          kennysheep_generic_room_12
D:6:      layout_basic, nemelex_altar_shiori,
          mainiacjoe_overflow_surrounded_room, grunt_ministairs_7
D:7:      layout_loops_cross
D:8:      layout_loops_cross, lair_entry_dummy, special_room [special_room_orc],
          lightli_orcish_oven
D:9:      layout_cave_pools, nicolae_gozag_seed_capital,
          hellmonk_guarded_unrand_cigotuvi

Skill      XL: |  1  2  3  4  5  6  7  8  9 |
---------------+----------------------------+-----
Fighting       | 3 4 5 6 7 9 11 | 11.6
Polearms       | 3 4 5 6 8 10 | 10.7
Throwing       | |  0.8
Dodging        | |  2.1
Spellcasting   | |  2.0
Translocations | |  3.0

Action                     |  1- 3 |  4- 6 |  7- 9 | 10-12 || total
---------------------------+-------+-------+-------+-------++-------
  Melee: Spear             |   104 |       |       |       ||   104
         Tailslap          |    12 |    19 |    38 |     4 ||    73
         Halberd           |    38 |   285 |   378 |    30 ||   731
         Headbutt          |       |       |    44 |     4 ||    48
  Throw: Boomerang         |       |     6 |       |       ||     6
 Invoke: Sacrifice Stealth |       |     1 |       |       ||     1
         Sacrifice Essence |       |       |     1 |       ||     1
         Sacrifice Love    |       |       |     1 |       ||     1
         Draw Out Power    |       |       |       |     1 ||     1
Ability: Breathe Noxious F |       |       |    12 |     2 ||    14
  Evoke: Wand              |       |       |       |     1 ||     1
    Use: Scroll            |     5 |     3 |     5 |       ||    13
         Potion            |       |       |     2 |       ||     2
   Stab: Sleeping          |     3 |     2 |       |       ||     5
         Confused          |       |       |     4 |     1 ||     5
         Invisible         |       |       |     1 |       ||     1
 Armour: Skin              |    27 |   124 |   148 |     5 ||   304
  Dodge: Dodged            |    72 |   234 |   230 |    15 ||   551

Table legend: (Time is in decaauts)
 A = Elapsed time spent in this place.
 B = Non-inter-level travel time spent in this place.
 C = Inter-level travel time spent in this place.
 D = Time resting spent in this place.
 E = Time spent auto-exploring this place.
 F = Levels seen in this place.
 G = Mean time per level.
                   A        B        C        D        E       F      G
               +--------+--------+--------+--------+--------+-----+--------+
         Total |   9493 |   9158 |    335 |   1894 |   5361 |  10 |  949.3 |
       Dungeon |   8239 |   7904 |    335 |   1621 |   4701 |   9 |  915.4 |
         Sewer |   1254 |   1254 |      0 |    273 |    660 |   1 | 1254.0 |
               +--------+--------+--------+--------+--------+-----+--------+

Top non-repeatable levels by time:
     D:8: 1715 daAuts
   Sewer: 1254 daAuts
     D:6: 1007 daAuts
     D:1: 952 daAuts
     D:5: 941 daAuts
     D:2: 910 daAuts
     D:3: 895 daAuts
     D:7: 871 daAuts
     D:4: 790 daAuts
     D:9: 152 daAuts
